 Dungeon Crawl Stone Soup version 0.24-a0-365-ga4d96b6e6e (webtiles) character file.

Game seed: 1889678207031332070

227166 tsouns the Unseen (level 18, -2/99 HPs)
             Began as a Spriggan Assassin on May 27, 2019.
             Was the Champion of Dithmenos.
             Killed by drain life
             ... invoked by a soul eater
             ... summoned by a mummy priest's death curse
              (17 damage)
             ... in a wizard's laboratory on May 28, 2019.
             The game lasted 02:04:17 (36594 turns).

tsouns the Unseen (Spriggan Assassin)              Turns: 36594, Time: 02:04:17

Health: -2/99      AC: 12    Str:  8    XL:     18   Next: 23%
Magic:  25/34      EV: 35    Int: 19    God:    Dithmenos [******]
Gold:   649        SH: 11    Dex: 23    Spells: 22/40 levels left

rFire    . . .     SeeInvis +   l - +8 quick blade (pierce)
rCold    . . .     Gourm    .   F - +2 buckler
rNeg     . . .     Faith    .   W - +5 robe of Night {Dark MR+ SInv}
rPois    +         Spirit   .   M - +2 hat {MR+}
rElec    .         Reflect  .   i - +2 cloak {rPois}
rCorr    .         Harm     .   (gloves unavailable)
MR       +++++                  (boots unavailable)
Stlth    ++++++++++             g - amulet of the acrobat
HPRegen  0.26/turn              A - +3 ring of slaying
MPRegen  0.24/turn              C - +5 ring of dexterity

@: confusing touch, very slightly contaminated, wreathed by umbra, invisible,
very quick
A: very small, unfitting armour, see invisible, herbivore, speed 3, slow
metabolism 2
}: 2/15 runes: barnacled, gossamer
a: Shadow Step, Shadow Form, Renounce Religion


You were in a wizard's laboratory.
You worshipped Dithmenos.
Dithmenos was exalted by your worship.
You were not hungry.

You visited 6 branches of the dungeon, and saw 32 of its levels.
You also visited: Ossuary and Wizlab.

You collected 3503 gold pieces.
You spent 2854 gold pieces at shops.

Inventory:

Hand Weapons
 l - a +8 quick blade of piercing (weapon)
 x - a +9 rapier of draining
Missiles
 d - 82 poisoned darts (quivered)
 e - 5 curare-tipped darts
 B - 10 throwing nets
 N - 4 atropa-tipped darts
 Q - 50 boomerangs
Armour
 i - a +2 cloak of poison resistance (worn)
 F - a +2 buckler (worn)
 M - a +2 hat of magic resistance (worn)
 W - the +5 robe of Night (worn) {Dark MR+ SInv}
   (You found it on level 6 of the Lair of Beasts)

   It affects your resistance to hostile enchantments.
   It lets you see invisible.
Jewellery
 g - an amulet of the acrobat (around neck)
 z - an uncursed ring of protection from cold
 A - a +3 ring of slaying (left hand)
 C - a +5 ring of dexterity (right hand)
Wands
 a - a wand of scattershot (7)
 s - a wand of iceblast (26)
 w - a wand of enslavement (4)
 y - a wand of digging (12)
 G - a wand of paralysis (34)
 Z - a wand of acid (4)
Scrolls
 j - 2 scrolls of holy word
 k - 9 scrolls of teleportation
 n - 17 scrolls of remove curse
 u - 6 scrolls of immolation
 E - 10 scrolls of blinking
 H - 6 scrolls of fog
 I - 5 scrolls of magic mapping
 P - 8 scrolls of identify
 R - 2 scrolls of fear
Potions
 b - 4 potions of ambrosia
 c - a potion of invisibility
 h - 3 potions of brilliance
 o - 6 potions of might
 p - 2 potions of mutation
 q - 4 potions of haste
 r - 2 potions of berserk rage
 t - 4 potions of curing
 v - 5 potions of cancellation
 J - 5 potions of agility
 K - 2 potions of resistance
 X - 2 potions of lignification
Miscellaneous
 O - a phial of floods
 S - 2 phantom mirrors
 T - a box of beasts
 U - a lightning rod (4/4)
 Y - a lamp of fire
Comestibles
 f - 34 rations


   Skills:
 + Level 12.7 Fighting
 - Level 14.0 Short Blades
 - Level 2.0 Throwing
 + Level 16.6 Dodging
 + Level 20.1 Stealth
 - Level 7.2 Shields
 - Level 11.6 Spellcasting
 + Level 0.5 Conjurations
 + Level 11.6 Hexes
 + Level 11.3 Invocations
 + Level 8.1 Evocations


You had 22 spell levels left.
You knew the following spells:

 Your Spells              Type           Power        Failure   Level  Hunger
a - Confusing Touch       Hex            ######       1%          1    None
b - Confuse               Hex            ######..     1%          3    None
c - Animate Skeleton      Necr           N/A          6%          1    None
d - Tukima's Dance        Hex            ######..     1%          3    None
e - Invisibility          Hex            ######..     9%          6    ######.
f - Summon Butterflies    Summ           ##......     6%          1    None
g - Apportation           Tloc           ##....       6%          1    None
h - Searing Ray           Conj           ##....       8%          2    None

Your spell library contained the following spells:

 Spells                   Type           Power        Failure   Level  Hunger
 Corona                   Hex            ######.      1%          1    None
 Slow                     Hex            ######..     1%          2    None
 Inner Flame              Hex/Fire       ####....     1%          3    None
 Portal Projectile        Hex/Tloc       ####..       1%          3    None
 Cause Fear               Hex            ######....   1%          4    ##.....
 Beastly Appendage        Tmut           ##....       6%          1    None
 Flame Tongue             Conj/Fire      ##...        6%          1    None
 Freeze                   Ice            ##..         6%          1    None
 Pain                     Necr           ##..         6%          1    None
 Leda's Liquefaction      Hex/Erth       ####......   6%          4    ##.....
 Throw Flame              Conj/Fire      ##....       9%          2    None
 Throw Frost              Conj/Ice       ##....       9%          2    None
 Darkness                 Hex            ######....   9%          6    ######.
 Passwall                 Tmut/Erth      ##......     10%         2    None
 Sticks to Snakes         Tmut           ##......     10%         2    None
 Swiftness                Chrm/Air       ##......     10%         2    None
 Metabolic Englaciation   Hex/Ice        ####......   16%         5    ####...
 Yara's Violent Unravell  Hex/Tmut       ####......   16%         5    ####...
 Conjure Flame            Conj/Fire      ##......     17%         3    None
 Gell's Gravitas          Tloc           ##........   19%         3    None
 Lesser Beckoning         Tloc           ##........   19%         3    None
 Mephitic Cloud           Conj/Pois/Air  ##......     19%         3    None
 Ozocubu's Armour         Chrm/Ice       ##......     19%         3    None
 Regeneration             Chrm/Necr      ##........   19%         3    None
 Spider Form              Tmut/Pois      ##........   19%         3    None
 Vampiric Draining        Necr           ##........   19%         3    None
 Iskenderun's Mystic Bla  Conj           ##......     45%         4    ##.....
 Sticky Flame             Conj/Fire      ##......     50%         4    ##.....
 Throw Icicle             Conj/Ice       ##......     50%         4    ##.....
 Animate Dead             Necr           N/A          54%         4    ##.....
 Ice Form                 Ice/Tmut       ##......     54%         4    ##.....
 Passage of Golubria      Tloc           N/A          54%         4    ##.....
 Petrify                  Tmut/Erth      ##......     54%         4    ##.....
 Summon Ice Beast         Ice/Summ       ##......     54%         4    ##.....
 Fireball                 Conj/Fire      ##........   85%         5    ####...
 Bolt of Magma            Conj/Fire/Erth ##........   86%         5    ####...
 Alistair's Intoxication  Tmut/Pois      ##......     87%         5    ####...
 Blade Hands              Tmut           ##........   87%         5    ####...
 Lee's Rapid Deconstruct  Erth           ##........   87%         5    ####...
 Bolt of Cold             Conj/Ice       ##........   100%        6    ######.
 Freezing Cloud           Conj/Ice/Air   ##........   100%        6    ######.
 Iron Shot                Conj/Erth      ##........   100%        6    ######.
 Ozocubu's Refrigeration  Ice            ##........   100%        6    ######.
 Simulacrum               Ice/Necr       ##........   100%        6    ######.
 Statue Form              Tmut/Erth      ##.......    100%        6    ######.
 Haunt                    Necr/Summ      ##........   100%        7    #######
 Borgnjor's Revivificati  Necr           ##........   100%        8    #######
 Death's Door             Chrm/Necr      ##........   100%        8    #######
 Infestation              Necr           ##........   100%        8    #######
 Necromutation            Tmut/Necr      ##........   100%        8    #######
 Shatter                  Erth           ##........   100%        9    #######


Dungeon Overview and Level Annotations

Branches:
Dungeon (15/15)            Temple (0/1) D:7            Lair (6/6) D:11
 Shoals (4/4) Lair:4       Spider (4/4) Lair:2        Slime (0/5) Lair:6
    Orc (2/2) D:10            Elf (1/3) Orc:2        Vaults (0/5) D:14
 Depths (0/5) D:15

Altars:
Ashenzari
Dithmenos
Elyvilon
Gozag
Nemelex Xobeh
Okawaru
Qazlal
Trog
Vehumet
Wu Jian
Xom
Zin
The Shining One
Beogh

Shops:
D:5 :   D:7 [   D:8 :   D:10 }   D:13 =?}?   Orc:2 %%?(   Shoals:1 ?

Annotations:
Lair:5 1 runed translucent door, Baiput's ghost, journeyman GrFi


Innate Abilities, Weirdness & Mutations

You are very small and have problems with some larger weapons.
You are too small for most types of armour.
You have supernaturally acute eyesight. (SInv)
You are a herbivore.
You cover ground extremely quickly.
You need to consume almost no food.


Message History

The emperor scorpion completely misses you.
The greater mummy mumbles some strange words.
Unknown command.
Casting: Confusing Touch (safe; 1% risk of failure)
Confirm with . or Enter, or press ? or * to list all spells.
Aiming: Confuse (safe; 1% risk of failure)
Press: ? - help, Shift-Dir - straight line, f - emperor scorpion
Aim: an emperor scorpion (chance to confuse on hit: 33%, summoned, umbra, chance to defeat MR: 39%)
The emperor scorpion appears confused.
You block the emperor scorpion's attack. x2
The emperor scorpion claws you but does no damage.
The soul eater draws from the surrounding life force!
* * * LOW HITPOINT WARNING * * *
The greater mummy calls on the powers of darkness!
The emperor scorpion convulses! x3; Your body is wracked with pain!
* * * LOW HITPOINT WARNING * * *
As you read the scroll of summoning, it crumbles to dust.
Wisps of shadow whirl around you...
The soul eater draws from the surrounding life force!
You die...

.....#
#......3..s.........§..##
.....###.......M............###
#.........................###
####...................####
#####....3M.....#####
######s###### ###...###
##....s..## #......M@.#
#.∩..∩..∩l# #.........#
##.......## ###...### #####


You could see a greater mummy, 2 emperor scorpions, a soul eater, a friendly
guardian mummy and a friendly komodo dragon.

Vanquished Creatures
  Bai Suzhen (Spider:4)
  Arachne (Spider:4)
  Rupert (Lair:3)
  Gastronok (Lair:1)
  6 ghost moths
  6 emperor scorpions
  A juggernaut zombie (WizLab)
  An entropy weaver (Spider:2)
  A deep elf annihilator (Elf:1)
  A deep elf demonologist (Elf:1)
  3 spark wasps
  Azrael (Orc:2)
  Snorg (Orc:2)
  2 mummy priests (WizLab)
  8 merfolk impalers
  2 ice dragons (D:15)
  Harold (D:9)
  5 hydras
  A catoblepas (Lair:6)
  4 merfolk avatars
  A centaur warrior (D:10)
  11 two-headed ogres
  A death knight (D:14)
  2 alligator snapping turtles
  2 merfolk aquamancers (Shoals:4)
  A dancing weapon (Elf:1)
  4 death yaks
  A deep troll shaman (Lair:6)
  An ogre mage (Orc:2)
  5 satyrs
  An orc high priest (Elf:1)
  10 sea snakes
  A golden dragon zombie (WizLab)
  A deep troll (D:10)
  6 unseen horrors
  2 deep elf archers (Elf:1)
  A wizard (D:14)
  A lindwurm (Lair:6)
  19 deep elf magi (Elf:1)
  2 necromancers
  A tengu zombie (WizLab)
  8 cyclopes
  7 harpies
  5 manticores
  32 wolf spiders
  7 ugly things
  An orc knight (D:10)
  15 orb spiders
  18 fauns
  9 elephants
  4 black mambas
  10 merfolk sirens
  5 water nymphs
  A torpor snail (Spider:2)
  2 kobold demonologists
  11 spiny frogs
  A gargoyle (D:13)
  8 centaur skeletons
  4 rime drakes
  An efreet (D:15)
  3 komodo dragons
  17 demonic crawlers
  A guardian mummy (WizLab)
  3 polar bears
  14 trolls
  22 merfolk
  19 jumping spiders
  11 hornets
  15 blink frogs
  3 wind drakes
  12 slime creatures
  2 deep troll zombies (WizLab)
  24 dream sheep
  8 snapping turtles
  12 hippogriffs
  32 tarantellas
  2 wyverns
  A spriggan (D:9)
  2 water elementals
  2 basilisks
  82 redbacks
  A human (shapeshifter) (D:14)
  38 yaks
  A fire elemental (Orc:2)
  2 vampire mosquitoes (D:12)
  4 hungry ghosts
  2 soldier ants (D:11)
  A warg (Elf:1)
  16 water moccasins
  2 hell hounds (Orc:2)
  11 porcupines
  A hornet zombie (D:11)
  5 ice beasts
  10 orc warriors
  8 black bears
  5 sky beasts
  A phantom (D:9)
  2 eyes of draining
  19 ogres
  A necrophage (D:7)
  17 wolves
  7 centaurs
  12 crocodiles
  A big kobold (D:9)
  Blork the orc (D:6)
  20 bullfrogs
  A wyvern zombie (D:11)
  10 scorpions
  10 killer bees
  2 howler monkeys
  5 wights
  3 electric eels
  8 crimson imps
  3 bullfrog zombies
  4 quasits
  9 hounds
  3 centaur zombies
  18 jellies
  Crazy Yiuf (D:4)
  4 bullfrog skeletons
  2 gnoll shamans
  14 orc priests
  3 iguanas
  16 orc wizards
  6 worker ants
  10 hell rats
  A killer bee zombie (D:10)
  A bullfrog simulacrum (D:10)
  2 hound zombies
  3 hound skeletons
  8 mummies (Ossuary)
  A worker ant zombie (D:5)
  12 gnolls
  A howler monkey skeleton (D:10)
  17 river rats (Lair:3)
  21 adders
  4 shadow imps
  4 oozes
  2 adder zombies
  2 worms
  2 dart slugs
  A leopard gecko (D:5)
  68 orcs
  A ball python (D:4)
  4 giant cockroaches
  A gnoll zombie (Ossuary)
  7 goblins
  6 hobgoblins
  10 jackals
  16 quokkas
  5 bats
  2 frilled lizards
  2 hobgoblin zombies (Ossuary)
  A jackal skeleton (D:5)
  12 kobolds
  3 kobold zombies (Ossuary)
  2 orc zombies (Ossuary)
  13 rats
  A plant (Shoals:3)
1114 creatures vanquished.

Vanquished Creatures (collateral kills)
  An ettin (Orc:2)
  2 merfolk aquamancers (Shoals:4)
  A merfolk avatar (Shoals:4)
  3 two-headed ogres (Orc:2)
  An ogre mage (Orc:2)
  2 deep trolls (Orc:2)
  A harpy (Shoals:3)
  A manticore (Shoals:4)
  2 fauns (Shoals:3)
  A merfolk (Shoals:2)
  A troll (Orc:2)
  A water elemental (Shoals:4)
  A hell hound (Orc:2)
  6 ogres (Orc:2)
  An orc priest (Orc:2)
  An orc wizard (Orc:2)
  A butterfly (Lair:6)
  A plant (Lair:6)
28 creatures vanquished.

Vanquished Creatures (others)
  A jumping spider (Spider:4)
  A dancing weapon (Shoals:4)
  A dream sheep (Lair:4)
  A tarantella (Spider:1)
  8 fungi
  3 plants
15 creatures vanquished.

Grand Total: 1157 creatures vanquished

Notes
Turn   | Place    | Note
-------+----------+-------------------------------------------
     0 | D:1      | tsouns the Spriggan Assassin began the quest for the Orb.
     0 | D:1      | Reached XP level 1. HP: 10/10 MP: 2/2
    75 | D:1      | Reached skill level 6 in Stealth
   121 | D:1      | Reached XP level 2. HP: 14/14 MP: 3/3
   751 | D:2      | Found a shadowy altar of Dithmenos.
   751 | D:2      | Found an opulent altar of Gozag.
   753 | D:2      | Found a stormy altar of Qazlal.
   753 | D:2      | Found a shattered altar of Ashenzari.
   764 | D:2      | Found a glowing silver altar of Zin.
   786 | D:2      | Reached XP level 3. HP: 11/18 MP: 4/4
   805 | D:2      | Became a worshipper of Dithmenos the Shadowed
  1160 | D:2      | Reached skill level 7 in Stealth
  1302 | D:2      | Learned a level 1 spell: Confusing Touch
  1429 | D:2      | Reached XP level 4. HP: 22/22 MP: 5/5
  1806 | D:3      | Reached skill level 1 in Spellcasting
  1806 | D:3      | Reached skill level 1 in Hexes
  2196 | D:3      | Found a bloodstained altar of Trog.
  2257 | D:3      | Reached * piety under Dithmenos
  2283 | D:3      | Reached XP level 5. HP: 23/25 MP: 8/8
  2350 | D:3      | Learned a level 3 spell: Confuse
  2872 | D:4      | Identified the +10 war axe of Tortfeasance {speed, *Corrode
                  | rPois MR+} (You found it on level 4 of the Dungeon)
  2926 | D:4      | Reached skill level 8 in Stealth
  2944 | D:4      | Found a runed translucent door.
  2945 | D:4      | Noticed Crazy Yiuf
  3006 | D:4      | Reached XP level 6. HP: 17/30 MP: 10/10
  3431 | D:4      | Reached ** piety under Dithmenos
  3602 | D:4      | Killed Crazy Yiuf
  3627 | D:5      | Entered Level 5 of the Dungeon
  3817 | D:5      | Reached skill level 5 in Short Blades
  3817 | D:5      | Reached XP level 7. HP: 29/33 MP: 11/13
  3899 | D:5      | Noticed a troll
  3968 | D:5      | Killed a troll
  3968 | D:5      | Reached skill level 9 in Stealth
  4249 | D:5      | Noticed a wyvern
  4274 | D:5      | Killed a wyvern
  4437 | D:5      | Found Onturch's Book Emporium.
  4443 | D:5      | Reached XP level 8. HP: 37/37 MP: 14/14
  4618 | D:6      | Noticed Blork the orc
  4624 | D:6      | Killed Blork the orc
  4660 | D:6      | Reached skill level 10 in Stealth
  4660 | D:6      | Reached skill level 5 in Hexes
  4790 | D:6      | Reached *** piety under Dithmenos
  5522 | D:6      | Reached XP level 9. HP: 36/44 MP: 10/15
  5554 | D:6      | Found a shadowy altar of Dithmenos.
  6376 | D:7      | Found a staircase to the Ecumenical Temple.
  6549 | D:7      | Reached skill level 5 in Fighting
  6647 | D:7      | Reached **** piety under Dithmenos
  6742 | D:7      | Found Rojewy's Antique Armour Emporium.
  6890 | D:8      | Reached skill level 5 in Dodging
  6947 | D:8      | Found Xagemoen's Book Boutique.
  7021 | D:8      | Found a sparkling altar of Nemelex Xobeh.
  7024 | D:8      | Found a sand-covered staircase.
  7041 | Ossuary  | Entered an ossuary
  7469 | D:8      | Reached XP level 10. HP: 44/51 MP: 16/16
  8072 | D:8      | Reached skill level 10 in Short Blades
  8180 | D:9      | Reached skill level 1 in Shields
  8207 | D:9      | Found a white marble altar of Elyvilon.
  8341 | D:9      | Found an ornate altar of the Wu Jian Council.
  8508 | D:9      | Noticed Harold
  8511 | D:9      | Killed Harold
  8741 | D:9      | Reached ***** piety under Dithmenos
  8785 | D:10     | Entered Level 10 of the Dungeon
  8843 | D:10     | Noticed a two-headed ogre
  8880 | D:10     | Killed a two-headed ogre
  9054 | D:10     | Noticed an unseen horror
  9228 | D:10     | Found a staircase to the Orcish Mines.
  9228 | D:10     | Noticed a two-headed ogre
  9233 | D:10     | Killed a two-headed ogre
  9329 | D:10     | Noticed a centaur warrior
  9421 | D:10     | Killed a centaur warrior
  9421 | D:10     | Reached XP level 11. HP: 42/56 MP: 12/17
  9703 | D:10     | Killed an unseen horror
  9797 | D:10     | Found Ulix's Gadget Boutique.
  9960 | D:10     | Noticed a two-headed ogre
  9967 | D:10     | Killed a two-headed ogre
  9977 | D:10     | Identified the +7 war axe of Okawaru's Esteem {freeze,
                  | *Slow +Fly rPois} (You found it on level 10 of the Dungeon)
 10234 | D:10     | Noticed an orc knight
 10238 | D:10     | Found a large runed translucent door.
 10251 | D:10     | Killed an orc knight
 10251 | D:10     | Reached skill level 5 in Shields
 10257 | D:10     | Found a large runed translucent door.
 10283 | D:10     | Found a shimmering altar of Xom.
 10283 | D:10     | Noticed a deep troll
 10287 | D:10     | Killed a deep troll
 10293 | D:10     | Found an iron altar of Okawaru.
 10293 | D:10     | Noticed a necromancer
 10301 | D:10     | Killed a necromancer
 10337 | D:10     | Reached skill level 5 in Invocations
 10380 | Orc:1    | Entered Level 1 of the Orcish Mines
 10383 | Orc:1    | Noticed a two-headed ogre
 10390 | Orc:1    | Killed a two-headed ogre
 10658 | Orc:1    | Found a roughly hewn altar of Beogh.
 11116 | D:11     | Noticed a five-headed hydra
 11158 | D:11     | Noticed an unseen horror
 11173 | D:11     | Killed an unseen horror
 11173 | D:11     | Reached skill level 5 in Spellcasting
 11197 | D:11     | Noticed a two-headed ogre
 11234 | D:10     | Reached XP level 12. HP: 50/63 MP: 18/20
 11317 | D:10     | Killed a five-headed hydra
 11333 | D:10     | Killed a two-headed ogre
 11763 | D:11     | Found a staircase to the Lair.
 12529 | D:11     | Noticed a four-headed hydra
 12551 | D:11     | Killed a four-headed hydra
 12887 | Lair:1   | Entered Level 1 of the Lair of Beasts
 12927 | Lair:1   | Noticed Gastronok
 12935 | Lair:1   | Killed Gastronok
 13244 | Lair:1   | Reached ****** piety under Dithmenos
 13897 | Lair:2   | Found a hole to the Spider Nest.
 14008 | Lair:2   | Learned a level 1 spell: Animate Skeleton
 14116 | Lair:2   | Reached XP level 13. HP: 70/70 MP: 20/22
 15031 | D:5      | Bought a book of Party Tricks for 550 gold pieces
 15035 | D:5      | Learned a level 3 spell: Tukima's Dance
 15042 | D:5      | Learned a level 6 spell: Invisibility
 15223 | Lair:3   | Reached skill level 11 in Stealth
 15458 | Lair:3   | Noticed Rupert
 15471 | Lair:3   | Killed Rupert
 15875 | Lair:3   | Learned a level 1 spell: Summon Butterflies
 17418 | Lair:4   | Reached skill level 12 in Stealth
 17521 | Lair:4   | Found a staircase to the Shoals.
 18563 | Lair:5   | Found a runed translucent door.
 18563 | Lair:5   | Noticed Baiput's ghost (journeyman GrFi)
 18831 | Lair:5   | Reached skill level 13 in Stealth
 19018 | Lair:6   | Entered Level 6 of the Lair of Beasts
 19032 | Lair:6   | Reached XP level 14. HP: 76/76 MP: 27/27
 19276 | Lair:6   | Found a staircase to the Slime Pits.
 19956 | Lair:6   | Found the +2 pair of boots of the Assassin {Detection Stab+
                  | Stlth++}
 19957 | Lair:6   | Found the +5 robe of Night {Dark MR+ SInv}
 20519 | Orc:2    | Entered Level 2 of the Orcish Mines
 20571 | Orc:2    | Noticed Snorg
 20576 | Orc:2    | Killed Snorg
 20576 | Orc:2    | Reached skill level 10 in Hexes
 20668 | Orc:2    | Found a staircase to the Elven Halls.
 20682 | Orc:2    | Noticed Azrael
 20688 | Orc:2    | Killed Azrael
 20688 | Orc:2    | Reached skill level 14 in Stealth
 20839 | Orc:2    | Found Umopn's Food Shop.
 21382 | Orc:2    | Reached skill level 10 in Spellcasting
 21410 | Orc:2    | Reached skill level 10 in Dodging
 21440 | Orc:2    | Found Bygiomu's Magic Scroll Boutique.
 21506 | Orc:2    | Bought 3 scrolls of teleportation for 135 gold pieces
 21566 | Orc:2    | Found Ostoihor's Weapon Shoppe.
 21568 | Orc:2    | Found Gut Tyn's Food Boutique.
 22514 | D:13     | Found Utikir's Gadget Shoppe.
 22521 | D:13     | Bought a lamp of fire for 520 gold pieces
 22532 | D:13     | Reached skill level 15 in Stealth
 22697 | D:13     | Reached skill level 10 in Fighting
 22703 | D:13     | Found Hetij's Magic Scroll Boutique.
 22712 | D:13     | Bought a scroll of acquirement for 624 gold pieces
 22727 | D:13     | Bought a scroll of enchant armour for 90 gold pieces
 22753 | D:13     | Found Roankias's Magic Scroll Boutique.
 22758 | D:13     | Found Hitifil's Jewellery Boutique.
 22924 | D:14     | Reached XP level 15. HP: 80/80 MP: 30/30
 23046 | D:14     | Found a gate to the Vaults.
 23157 | D:14     | Found a glowing golden altar of the Shining One.
 23170 | D:14     | You fall into a shaft and drop 1 floor!
 23170 | D:15     | Entered Level 15 of the Dungeon
 23900 | D:15     | Reached skill level 1 in Evocations
 24301 | D:15     | Found a staircase to the Depths.
 24578 | Spider:1 | Entered Level 1 of the Spider Nest
 24671 | Spider:1 | Reached skill level 16 in Stealth
 26252 | Spider:2 | Reached skill level 5 in Evocations
 26773 | Spider:2 | Reached XP level 16. HP: 80/86 MP: 32/32
 26801 | Spider:2 | Learned a level 1 spell: Apportation
 28013 | Spider:3 | Reached skill level 17 in Stealth
 29561 | Spider:4 | Entered Level 4 of the Spider Nest
 29808 | Shoals:1 | Entered Level 1 of the Shoals
 30527 | Shoals:1 | Found Zujynof's Magic Scroll Shop.
 30551 | Shoals:1 | Bought a scroll of acquirement for 884 gold pieces
 30551 | Shoals:1 | Bought a scroll of teleportation for 51 gold pieces
 30862 | Shoals:2 | Reached skill level 18 in Stealth
 32467 | Shoals:3 | Reached XP level 17. HP: 93/93 MP: 26/33
 32615 | Shoals:3 | Reached skill level 15 in Dodging
 32783 | Shoals:4 | Entered Level 4 of the Shoals
 32882 | Shoals:4 | Reached skill level 10 in Invocations
 33184 | Shoals:4 | Reached skill level 19 in Stealth
 33210 | Shoals:4 | Got a barnacled rune of Zot
 33602 | Shoals:4 | Identified the +3 short sword of the Lonely Blessings
                  | {pierce, +Fly Int+3}
 34080 | Spider:4 | Noticed Arachne
 34087 | Spider:4 | Killed Arachne
 34420 | Spider:4 | Noticed Bai Suzhen
 34456 | Spider:4 | Killed Bai Suzhen
 35197 | Spider:4 | Got a gossamer rune of Zot
 35708 | Elf:1    | Entered Level 1 of the Elven Halls
 35724 | Elf:1    | Found a radiant altar of Vehumet.
 35730 | Elf:1    | Reached XP level 18. HP: 99/99 MP: 34/34
 36026 | Elf:1    | Reached skill level 20 in Stealth
 36126 | Elf:1    | Identified the Handbook of Confrontation
 36131 | Elf:1    | Learned a level 2 spell: Searing Ray
 36157 | Elf:1    | Found a magical portal.
 36187 | WizLab   | Entered Doroklohe's Tomb
 36558 | WizLab   | Noticed a greater mummy
 36594 | WizLab   | Killed from afar by a soul eater

Levels and vault maps discovered:
D:1:      psy_arrival_fountain, layout_loops_ring
D:2:      layout_loops_corners, grunt_temple_overflow_open,
          kennysheep_generic_room_13
D:3:      layout_basic, bloody_trog, st_stairs_5
D:4:      layout_basic, first_ration, uniq_crazy_yiuf_cottage
D:5:      layout_gridville, serial_shops, nicolae_shop_trees,
          chequers_serial_rivers_marsh
D:6:      layout_loops_ring, grunt_dithmenos_smoke, uniq_blork_the_orc
D:7:      layout_loops_cross, minmay_temple_entry_grid, serial_shops,
          kennysheep_mini_moat
D:8:      layout_gridville, nemelex_xobeh_ov_fountains_minmay, serial_shops,
          shop_statue, nicolae_ossuary_entry_plus
D:9:      layout_roguey, minitemple, the_bakery, uniq_harold
D:10:     hangedman_cross_cluster, layout_cave_pools, serial_shops, shop,
          jmf_multi_god_temple2
D:11:     layout_cave_pools, due_lair_maze_entry_diamond
D:12:     layout_rooms, chequers_serial_rivers_large_a
D:13:     layout_cave_pools, serial_shops, shop, shop, kennysheep_mini, shop
D:14:     layout_loops_ring, david_vaults_1, nicolae_tso_carved_into_rock
D:15:     grunt_enter_depths_hoard, layout_loops_cross,
          small_statue_intersection
Lair:1:   layout_chaotic_city, serial_bayou_shore_a, grunt_megastairs_5,
          infiniplex_staircase_pool_2, uniq_gastronok
Lair:2:   layout_gridlike, nicolae_spider_entry_orb_guardian,
          gammafunk_lair_bear_cave
Lair:3:   lemuel_ratsnest, layout_gridlike, uniq_rupert
Lair:4:   layout_cave_pods, minmay_shoals_entry_lonely_mermaid
Lair:5:   layout_gridlike, ebering_ghost_inner_flame, beast_lair_carwin_4
Lair:6:   grunt_lair_end_beastmaster, layout_regular_city,
          minmay_slime_entry_jelly_boxes, lemuel_fruit_fields
Shoals:1: layout_shoals, serial_shops, shop
Shoals:2: layout_shoals
Shoals:3: layout_shoals
Shoals:4: shoals_end_simple, layout_shoals
Spider:1: layout_spider_delve
Spider:2: nicolae_spider_mines_3
Spider:3: nicolae_spider_hall_of_the_moth_king, drop_trap,
          guppyfry_spider_mini_3, hangedman_spider_tarantella_strand
Spider:4: guppyfry_spider_rune, uniq_arachne, uniq_bai_suzhen
Orc:1:    layout_caves, basic_altar
Orc:2:    st_orc_open, layout_diamond_mine, uniq_snorg, uniq_azrael
Elf:1:    eino_elf_arrival_altar, layout_geoelf_diagonals,
          infiniplex_enter_wizlab_water, minmay_elf_annihilation,
          minmay_elf_necromancy
WizLab:   wizlab_doroklohe

Skill      XL: |  1  2  3  4  5  6  7  8  9 10 11 12 13 14 15 16 17 18 |
---------------+-------------------------------------------------------+-----
Stealth        | 6 7 8 9 10 13 15 16 18 19 20 | 20.1
Short Blades   | 3 4 5 6 8 9 11 12 13 14 | 14.0
Spellcasting   | 1 2 3 5 8 10 11 | 11.6
Hexes          | 1 2 3 4 5 6 9 11 | 11.6
Fighting       | 3 5 6 7 8 9 10 11 12 | 12.7
Dodging        | 5 7 10 12 14 16 | 16.6
Shields        | 4 5 7 |  7.2
Invocations    | 3 5 7 9 11 | 11.3
Evocations     | 5 7 8 |  8.1
Throwing       | |  2.0
Conjurations   | |  0.5

Action                   |  1- 3 |  4- 6 |  7- 9 | 10-12 | 13-15 | 16-18 || total
-------------------------+-------+-------+-------+-------+-------+-------++-------
Melee: Dagger            |    79 |   272 |    46 |       |       |       ||   397
       Rapier            |       |       |   317 |   644 |  1368 |   359 ||  2688
       Quick blade       |       |       |       |       |       |   873 ||   873
Throw: Dart              |    11 |    23 |       |       |       |       ||    34
 Cast: Confusing Touch   |       |    17 |    23 |    66 |    67 |    55 ||   228
       Confuse           |       |     2 |    22 |    35 |    23 |    30 ||   112
       Tukima's Dance    |       |       |       |       |     9 |     5 ||    14
       Animate Skeleton  |       |       |       |       |    45 |    29 ||    74
       Invisibility      |       |       |       |       |     6 |    13 ||    19
Invok: Shadow Step       |       |       |       |       |     2 |       ||     2
Evoke: Wand              |       |       |     5 |       |     7 |     8 ||    20
       Lightning rod     |       |       |       |       |     3 |       ||     3
       Phial of floods   |       |       |       |       |     1 |       ||     1
  Use: Scroll            |     7 |     6 |     6 |    11 |    13 |    13 ||    56
       Potion            |       |     1 |     5 |       |     8 |     5 ||    19
 Stab: Sleeping          |    15 |    17 |    29 |    38 |   105 |    97 ||   301
       Confused          |       |     9 |    24 |    62 |    72 |    67 ||   234
       Distracted        |       |       |       |     6 |    11 |    13 ||    30
       Invisible         |       |       |       |       |    33 |    67 ||   100
       Petrifying        |       |       |       |       |     2 |       ||     2
       Petrified         |       |       |       |       |     2 |       ||     2
       Held in net/web   |       |       |       |       |       |     1 ||     1
  Eat: Ration            |       |     1 |     4 |     5 |     9 |     8 ||    27
Armor: Robe              |     2 |    11 |    13 |    32 |    51 |    55 ||   164
Dodge: Dodged            |    37 |   182 |   186 |   287 |   710 |   670 ||  2072
Block: Buckler           |       |       |       |   165 |   290 |   269 ||   724

Table legend:
 A = Non-vault XP
 B = Vault XP
 C = Vault XP percentage of total XP
 D = Non-vault monster count
 E = Vault monster count
 F = Vault count percentage of total count
                 A         B        C        D         E       F
            +---------+---------+-------+---------+---------+-------
      Total |  193536 |  116879 |  37.7 |     830 |     310 |  27.2
            +---------+---------+-------+---------+---------+-------
        D:1 |      35 |       0 |   0.0 |      14 |       0 |   0.0
        D:2 |      82 |      14 |  14.6 |      20 |       2 |   9.1
        D:3 |     115 |       6 |   5.0 |      22 |       3 |  12.0
        D:4 |     263 |      41 |  13.5 |      19 |       1 |   5.0
        D:5 |     885 |       0 |   0.0 |      20 |       0 |   0.0
        D:6 |    1383 |      94 |   6.4 |      34 |       1 |   2.9
        D:7 |    1788 |       0 |   0.0 |      32 |       0 |   0.0
        D:8 |     853 |       0 |   0.0 |      13 |       0 |   0.0
        D:9 |    1228 |    1287 |  51.2 |      30 |       3 |   9.1
       D:10 |    6511 |    6779 |  51.0 |      31 |      29 |  48.3
       D:11 |    4738 |    1321 |  21.8 |      34 |       8 |  19.0
       D:12 |    3127 |       0 |   0.0 |      17 |       0 |   0.0
       D:13 |    4212 |       0 |   0.0 |      29 |       0 |   0.0
       D:14 |   11634 |    2693 |  18.8 |      37 |       4 |   9.8
       D:15 |    5318 |    1925 |  26.6 |      19 |       2 |   9.5
     Lair:1 |    3083 |    3508 |  53.2 |      20 |       6 |  23.1
     Lair:2 |    5081 |     841 |  14.2 |      24 |       4 |  14.3
     Lair:3 |    2575 |    3809 |  59.7 |       9 |      41 |  82.0
     Lair:4 |    7089 |     470 |   6.2 |      34 |       1 |   2.9
     Lair:5 |    6570 |    1814 |  21.6 |      17 |       5 |  22.7
     Lair:6 |    5783 |    7394 |  56.1 |      26 |      29 |  52.7
   Shoals:1 |   10878 |       0 |   0.0 |      23 |       0 |   0.0
   Shoals:2 |   12946 |       0 |   0.0 |      27 |       0 |   0.0
   Shoals:3 |   19603 |       0 |   0.0 |      40 |       0 |   0.0
   Shoals:4 |    8824 |   13537 |  60.5 |      20 |      27 |  57.4
   Spider:1 |   19113 |       0 |   0.0 |      54 |       0 |   0.0
   Spider:2 |   15466 |    1884 |  10.9 |      45 |       5 |  10.0
   Spider:3 |   11753 |    7525 |  39.0 |      39 |      17 |  30.4
   Spider:4 |   10944 |   32676 |  74.9 |      26 |      43 |  62.3
      Orc:1 |    1548 |     258 |  14.3 |      15 |       1 |   6.2
      Orc:2 |    1170 |   15360 |  92.9 |      21 |      42 |  66.7
      Elf:1 |    8938 |    7605 |  46.0 |      19 |      12 |  38.7
    Ossuary |       0 |     155 | 100.0 |       0 |      16 | 100.0
     WizLab |       0 |    5883 | 100.0 |       0 |       8 | 100.0
            +---------+---------+-------+---------+---------+-------
